Workbook
Name _Toc210551163: 'BRAND CENTER'!#REF!
Name _Toc210551163: 'INGENIERIA Y SOLUCIONES'!#REF!
Name _Toc210551163: MAFER!#REF!
Name _Toc210551163: 'SUMINISTROS E INGENIERIA'!#REF!
Name _Toc210551163: 'SUMINISTROS Y CONTRATOS SJ'!#REF!
Name _Toc210551172: 'BRAND CENTER'!#REF!
Name _Toc210551172: 'INGENIERIA Y SOLUCIONES'!#REF!
Name _Toc210551172: MAFER!#REF!
Name _Toc210551172: 'SUMINISTROS E INGENIERIA'!#REF!
Name _Toc210551172: 'SUMINISTROS Y CONTRATOS SJ'!#REF!
Name A: #REF!
Name A: #REF!
Name A: #REF!
Name A: #REF!
Name A: #REF!
Name A: #REF!
Name A: #REF!
Name AA: #REF!
Name AA: #REF!
Name AA: #REF!
Name AA: #REF!
Name AA: #REF!
Name AA: #REF!
Name AA: #REF!
Name Actividad: #REF!
Name ACTIVOS_EXCEL: #REF!
Name ACTUAL: #REF!
Name BW: #REF!
Name CAPA: #REF!
Name CATEGORIA: #REF!
Name CIUDADES: #REF!
Name class: #REF!
Name class: #REF!
Name class: #REF!
Name class: #REF!
Name class: #REF!
Name class: #REF!
Name class: #REF!
Name class2: #REF!
Name class2: #REF!
Name class2: #REF!
Name class2: #REF!
Name class2: #REF!
Name class2: #REF!
Name class2: #REF!
Name Compras_Suministro: #REF!
Name Compras_Suministro: #REF!
Name Compras_Suministro: #REF!
Name Compras_Suministro: #REF!
Name Compras_Suministro: #REF!
Name Compras_Suministro: #REF!
Name Compras_Suministro: #REF!
Name CONTRATO_CPES: #REF!
Name Contrato_nuevo: #REF!
Name Diseño: #REF!
Name Diseño: #REF!
Name Diseño: #REF!
Name Diseño: #REF!
Name Diseño: #REF!
Name Diseño: #REF!

Sheet CONSOLIDADO FINANCIERO
D1: Fondo Nacional del Ahorro SA Evaluación Financiera y Economica
B3: CONSOLIDADO VERIFICACIÓN FINANCIERA
B5: OBJETO PROCESO | D5: SUMINISTRO DE MATERIALES Y/O ELEMENTOS DE FERRETERÍA, HIDROSANITARIOS Y ELÉCTRICOS PARA EL MANTENIMIENTO DE LA PLANTA FÍSICA DE LA SEDE PRINCIPAL – CNA DEL FONDO NACIONAL DEL AHORRO S.A.
B6: NUMERO DE PROCESO | D6: FNA-VGHA-SBI-001-2024
B7: PRESUPUESTO TOTAL | L7: 269656460
B9: N° | C9: Proponente | E9: Capital de Trabajo | F9: Índice de Liquidez | G9: Nivel de Endeudamiento | H9: Razón de Cobertura de Intereses | I9: Rentabilidad sobre Patrimonio | J9: Rentabilidad sobre Activo | K9: Patrimonio | L9: Observaciones | M9: RESULTADOS DE INDICADORES FINANCIEROS Y CAPACIDAD ORGANIZACIONAL | N9: Observaciones | O9: RESULTADOS OFERTA ECONOMICA
B10: 1 | C10: =+'BRAND CENTER'!D5 -> BRAND CENTER SAS NIT: 830109420 1 | E10: =+'[1]1. SERVICIOS & ASESORIAS'!H24 -> 9686706324 | F10: ='[1]1. SERVICIOS & ASESORIAS'!$H26 -> 2.604401 | G10: ='[1]1. SERVICIOS & ASESORIAS'!$H28 -> 0.58238082 | H10: ='[1]1. SERVICIOS & ASESORIAS'!$H30 -> 6.4273669 | I10: ='[1]1. SERVICIOS & ASESORIAS'!$H32 -> 0.59340481 | J10: ='[1]1. SERVICIOS & ASESORIAS'!$H34 -> 0.24781723 | K10: ='[1]1. SERVICIOS & ASESORIAS'!$H36 -> 7932941409 | L10: =+'BRAND CENTER'!J24 -> El proponente cumple con los indicadores establecidos en las regals de participación de conformidad con lo estabecido en el numeral 4.5 REQUISITOS MÍNIMOS HABILITANTES FINANCIEROS Y CAPACIDAD ORGANIZACIONAL. de las reglas de participación | M10: =+'BRAND CENTER'!G38 -> CUMPLE | N10: Presentan Oferta economica con contraseña para ser validada el dia de audiencia. | O10: HABILITADO
B11: 2 | C11: =+'INGENIERIA Y SOLUCIONES'!D5 -> INGENIERIA Y SOLUCIONES J.R. SAS NIT: 901488976 6 | L11: =+'INGENIERIA Y SOLUCIONES'!J24 -> El proponente cumple con los indicadores establecidos en las regals de participación de conformidad con lo estabecido en el numeral 4.5 REQUISITOS MÍNIMOS HABILITANTES FINANCIEROS Y CAPACIDAD ORGANIZACIONAL. de las reglas de participación | M11: =+'INGENIERIA Y SOLUCIONES'!G38 -> CUMPLE | N11: Presentan Oferta economica para ser validada el dia de audiencia. | O11: HABILITADO
B12: 3 | C12: =+MAFER!D5 -> CENTRO FERRETERO MAFER S A S NIT: 830129423 9 | L12: =+MAFER!J24 -> El proponente cumple con los indicadores establecidos en las regals de participación de conformidad con lo estabecido en el numeral 4.5 REQUISITOS MÍNIMOS HABILITANTES FINANCIEROS Y CAPACIDAD ORGANIZACIONAL. de las reglas de participación | M12: =+MAFER!G38 -> CUMPLE | N12: Presentan Oferta economica para ser validada el dia de audiencia. | O12: HABILITADO
B13: 4 | C13: {=+'SUMINISTROS E INGENIERIA'!D5:I5} -> SUMINISTROS E INGENIERIA MASECA SAS NIT: 830118439 9 | D13: 0 | E13: 0 | F13: 0 | G13: 0 | H13: 0 | L13: =+'SUMINISTROS E INGENIERIA'!J24 -> El proponente cumple con los indicadores establecidos en las regals de participación de conformidad con lo estabecido en el numeral 4.5 REQUISITOS MÍNIMOS HABILITANTES FINANCIEROS Y CAPACIDAD ORGANIZACIONAL. de las reglas de participación | M13: =+'SUMINISTROS E INGENIERIA'!G38 -> CUMPLE | N13: Presentan Oferta economica para ser validada el dia de audiencia. | O13: HABILITADO
B14: 5 | C14: {=+'SUMINISTROS Y CONTRATOS SJ'!D5:I5} -> SUMINISTROS Y CONTRATOS SAN JOSE SAS NIT: 900735538 1 | D14: 0 | E14: 0 | F14: 0 | G14: 0 | H14: 0 | L14: =+'SUMINISTROS Y CONTRATOS SJ'!J24 -> El proponente cumple con los indicadores establecidos en las regals de participación de conformidad con lo estabecido en el numeral 4.5 REQUISITOS MÍNIMOS HABILITANTES FINANCIEROS Y CAPACIDAD ORGANIZACIONAL. de las reglas de participación | M14: =+'SUMINISTROS Y CONTRATOS SJ'!G38 -> CUMPLE | N14: Presentan Oferta economica con contraseña para ser validada el dia de audiencia. | O14: HABILITADO
J16: Elaboró:Lina Andrea Bastidas Profesional 02 Gerencia Contratación Fondo Nacional del Ahorro SA

Sheet BRAND CENTER
A1: 1 | C1: FONDO NACIONAL DEL AHORRO
C3: OBJETO PROCESO | D3: =+'CONSOLIDADO FINANCIERO'!D5 -> SUMINISTRO DE MATERIALES Y/O ELEMENTOS DE FERRETERÍA, HIDROSANITARIOS Y ELÉCTRICOS PARA EL MANTENIMIENTO DE LA PLANTA FÍSICA DE LA SEDE PRINCIPAL – CNA DEL FONDO NACIONAL DEL AHORRO S.A.
C4: NUMERO DE PROCESO | D4: =+'CONSOLIDADO FINANCIERO'!D6 -> FNA-VGHA-SBI-001-2024
C5: PROPONENTE | D5: BRAND CENTER SAS NIT: 830109420 1
C7: VERIFICACION EXPEDICIÓN REGISTRO UNICO DE PROPONENTES
C9: FECHA CIERRE PROCESO | D9: 45637
C10: FECHA EXPEDICION RUP | D10: 45636 | H10: =IF(D10>=M10,"CUMPLE","NO CUMPLE") -> CUMPLE | J10: mm / dd / aa | K10: =IF(H10="CUMPLE",0,1) -> 0 | M10: =+D9-30 -> 45607 | N10: 30 días anteriores
C11: FECHA ULTIMA RENOVACION | D11: 45384 | H11: =IF(D10>=M11,"CUMPLE","NO CUMPLE") -> CUMPLE | J11: mm / dd / aa | K11: =IF(H11="CUMPLE",0,1) -> 0 | M11: =+D11+15 -> 45399 | N11: 10 días hábiles
C12: FECHA DE LOS ESTADOS FINANCIEROS | D12: 45291 | H12: =IF(D10>=M12,"CUMPLE","NO CUMPLE") -> CUMPLE | J12: mm / dd / aa | K12: =IF(H12="CUMPLE",0,1) -> 0 | M12: =+D12+15 -> 45306
C15: FECHA CIERRE PROCESO
C16: FECHA EXPEDICION RUP | J16: mm / dd / aa | K16: =IF(H16="CUMPLE",0,1) -> 1 | M16: =+D15-30 -> -30 | N16: 30 días anteriores
C17: FECHA ULTIMA RENOVACION | J17: mm / dd / aa | K17: =IF(H17="CUMPLE",0,1) -> 1 | M17: =+D16+15 -> 15 | N17: 10 días hábiles
C18: FECHA DE LOS ESTADOS FINANCIEROS | J18: mm / dd / aa | K18: =IF(H18="CUMPLE",0,1) -> 1 | M18: =+D18+15 -> 15
C20: VERIFICACIÓN REQUISITOS HABILITANTES FINANCIEROS | K20: 0
K21: 0
A22: NUMERAL | B22: VERIFICACIÓN DE LA CAPACIDAD FINANCIERA | C22: DESCRIPCION | D22: CRITERIO | E22: ITEM | F22: =D5 -> BRAND CENTER SAS NIT: 830109420 1 | G22: INDICADOR | H22: RESULTADO VERIFICACION | I22: DOCUMENTO ELECTRONICO | J22: OBSERVACIONES | K22: 0
F23: 1 | K23: 0
A24: 4.1.3 | B24: 4.1.3.1 CAPACIDAD FINANCIERA | C24: Capital de Trabajo >=50 % POE | D24: =+'CONSOLIDADO FINANCIERO'!L7*50% -> 134828230 | E24: Activo Corriente | F24: 9082791000 | G24: =+F24-F25 -> 7816756000 | H24: =IF(G24>=D24,"CUMPLE","NO CUMPLE") -> CUMPLE | I24: Registro Único de Proponentes | J24: El proponente cumple con los indicadores establecidos en las regals de participación de conformidad con lo estabecido en el numeral 4.5 REQUISITOS MÍNIMOS HABILITANTES FINANCIEROS Y CAPACIDAD ORGANIZACIONAL. de las reglas de participación | K24: =IF(H24="CUMPLE",0,1) -> 0
E25: Pasivo Corriente | F25: 1266035000
A26: 4.1.3 | B26: =B24 -> 4.1.3.1 CAPACIDAD FINANCIERA | C26: Índice de Liquidez | D26: 1.53 | E26: Activo Corriente | F26: =+F24 -> 9082791000 | G26: =+F26/F27 -> 7.1742021 | H26: =IF(G26>=D26,"CUMPLE","NO CUMPLE") -> CUMPLE | I26: Registro Único de Proponentes | K26: =IF(H26="CUMPLE",0,1) -> 0
E27: Pasivo Corriente | F27: =+F25 -> 1266035000
A28: 4.1.3 | B28: =B26 -> 4.1.3.1 CAPACIDAD FINANCIERA | C28: Nivel de Endeudamiento | D28: 0.6 | E28: Pasivo Total | F28: 2083570000 | G28: =F28/F29 -> 0.18657652 | H28: =IF(G28<=D28,"CUMPLE","NO CUMPLE") -> CUMPLE | I28: Registro Único de Proponentes | K28: =IF(H28="CUMPLE",0,1) -> 0
E29: Activo Total | F29: 11167375000
A30: 4.1.3 | B30: =B28 -> 4.1.3.1 CAPACIDAD FINANCIERA | C30: Razón de Cobertura de Intereses | D30: 1.26 | E30: Utilidad Operacional | F30: 1668036000 | G30: =F30/F31 -> 212.4616 | H30: =IF(G30>=D30,"CUMPLE","NO CUMPLE") -> CUMPLE | I30: Registro Único de Proponentes | K30: =IF(H30="CUMPLE",0,1) -> 0
E31: Gastos de Intereses | F31: 7851000
A32: 4.1.3 | B32: 4.1.3.2 capacidad Organizacional | C32: Rentabilidad sobre Patrimonio | D32: 0.1 | E32: Utilidad Operacional | F32: =+F30 -> 1668036000 | G32: =F32/F33 -> 0.18362746 | H32: =IF(G32>=D32,"CUMPLE","NO CUMPLE") -> CUMPLE | I32: Registro Único de Proponentes | K32: =IF(H32="CUMPLE",0,1) -> 0
E33: Patrimonio | F33: 9083805000
A34: 4.1.3 | B34: =+B32 -> 4.1.3.2 capacidad Organizacional | C34: Rentabilidad sobre Activo | D34: 0.08 | E34: Utilidad Operacional | F34: =+F30 -> 1668036000 | G34: =F34/F35 -> 0.14936688 | H34: =IF(G34>=D34,"CUMPLE","NO CUMPLE") -> CUMPLE | I34: Registro Único de Proponentes | K34: =IF(H34="CUMPLE",0,1) -> 0
E35: Activo total | F35: =+F29 -> 11167375000
A36: 4.1.3 | B36: =B24 -> 4.1.3.1 CAPACIDAD FINANCIERA | C36: Patrimonio ≥ 50% POE | D36: =+'CONSOLIDADO FINANCIERO'!L7*50% -> 134828230 | E36: Activo total | F36: =+F29 -> 11167375000 | G36: =F36-F37 -> 9083805000 | H36: =IF(G36>=D36,"CUMPLE","NO CUMPLE") -> CUMPLE | I36: Registro Único de Proponentes | K36: =IF(H36="CUMPLE",0,1) -> 0
E37: Pasivo total | F37: =+F28 -> 2083570000
E38: RESULTADO | G38: =IF(K38>0,"NO CUMPLE","CUMPLE") -> CUMPLE | K38: =K36+K34+K32+K30+K28+K26+K24+K12+K11+K10 -> 0

Sheet INGENIERIA Y SOLUCIONES
A1: 2 | C1: FONDO NACIONAL DEL AHORRO
C3: OBJETO PROCESO | D3: =+'CONSOLIDADO FINANCIERO'!D5 -> SUMINISTRO DE MATERIALES Y/O ELEMENTOS DE FERRETERÍA, HIDROSANITARIOS Y ELÉCTRICOS PARA EL MANTENIMIENTO DE LA PLANTA FÍSICA DE LA SEDE PRINCIPAL – CNA DEL FONDO NACIONAL DEL AHORRO S.A.
C4: NUMERO DE PROCESO | D4: =+'CONSOLIDADO FINANCIERO'!D6 -> FNA-VGHA-SBI-001-2024
C5: PROPONENTE | D5: INGENIERIA Y SOLUCIONES J.R. SAS NIT: 901488976 6
C7: VERIFICACION EXPEDICIÓN REGISTRO UNICO DE PROPONENTES
C9: FECHA CIERRE PROCESO | D9: 45637
C10: FECHA EXPEDICION RUP | D10: 45631 | H10: =IF(D10>=M10,"CUMPLE","NO CUMPLE") -> CUMPLE | J10: mm / dd / aa | K10: =IF(H10="CUMPLE",0,1) -> 0 | M10: =+D9-30 -> 45607 | N10: 30 días anteriores
C11: FECHA ULTIMA RENOVACION | D11: 45399 | H11: =IF(D10>=M11,"CUMPLE","NO CUMPLE") -> CUMPLE | J11: mm / dd / aa | K11: =IF(H11="CUMPLE",0,1) -> 0 | M11: =+D11+15 -> 45414 | N11: 10 días hábiles
C12: FECHA DE LOS ESTADOS FINANCIEROS | D12: 45291 | H12: =IF(D10>=M12,"CUMPLE","NO CUMPLE") -> CUMPLE | J12: mm / dd / aa | K12: =IF(H12="CUMPLE",0,1) -> 0 | M12: =+D12+15 -> 45306
C15: FECHA CIERRE PROCESO
C16: FECHA EXPEDICION RUP | J16: mm / dd / aa | K16: =IF(H16="CUMPLE",0,1) -> 1 | M16: =+D15-30 -> -30 | N16: 30 días anteriores
C17: FECHA ULTIMA RENOVACION | J17: mm / dd / aa | K17: =IF(H17="CUMPLE",0,1) -> 1 | M17: =+D16+15 -> 15 | N17: 10 días hábiles
C18: FECHA DE LOS ESTADOS FINANCIEROS | J18: mm / dd / aa | K18: =IF(H18="CUMPLE",0,1) -> 1 | M18: =+D18+15 -> 15
C20: VERIFICACIÓN REQUISITOS HABILITANTES FINANCIEROS | K20: 0
K21: 0
A22: NUMERAL | B22: VERIFICACIÓN DE LA CAPACIDAD FINANCIERA | C22: DESCRIPCION | D22: CRITERIO | E22: ITEM | F22: =D5 -> INGENIERIA Y SOLUCIONES J.R. SAS NIT: 901488976 6 | G22: INDICADOR | H22: RESULTADO VERIFICACION | I22: DOCUMENTO ELECTRONICO | J22: OBSERVACIONES | K22: 0
F23: 1 | K23: 0
A24: 4.1.3 | B24: 4.1.3.1 CAPACIDAD FINANCIERA | C24: Capital de Trabajo >=50 % POE | D24: =+'CONSOLIDADO FINANCIERO'!L7*50% -> 134828230 | E24: Activo Corriente | F24: 854998527 | G24: =+F24-F25 -> 767404843 | H24: =IF(G24>=D24,"CUMPLE","NO CUMPLE") -> CUMPLE | I24: Registro Único de Proponentes | J24: El proponente cumple con los indicadores establecidos en las regals de participación de conformidad con lo estabecido en el numeral 4.5 REQUISITOS MÍNIMOS HABILITANTES FINANCIEROS Y CAPACIDAD ORGANIZACIONAL. de las reglas de participación | K24: =IF(H24="CUMPLE",0,1) -> 0
E25: Pasivo Corriente | F25: 87593684
A26: 4.1.3 | B26: =B24 -> 4.1.3.1 CAPACIDAD FINANCIERA | C26: Índice de Liquidez | D26: 1.53 | E26: Activo Corriente | F26: =+F24 -> 854998527 | G26: =+F26/F27 -> 9.7609609 | H26: =IF(G26>=D26,"CUMPLE","NO CUMPLE") -> CUMPLE | I26: Registro Único de Proponentes | K26: =IF(H26="CUMPLE",0,1) -> 0
E27: Pasivo Corriente | F27: =+F25 -> 87593684
A28: 4.1.3 | B28: =B26 -> 4.1.3.1 CAPACIDAD FINANCIERA | C28: Nivel de Endeudamiento | D28: 0.6 | E28: Pasivo Total | F28: 199381574 | G28: =F28/F29 -> 0.20224278 | H28: =IF(G28<=D28,"CUMPLE","NO CUMPLE") -> CUMPLE | I28: Registro Único de Proponentes | K28: =IF(H28="CUMPLE",0,1) -> 0
E29: Activo Total | F29: 985852617
A30: 4.1.3 | B30: =B28 -> 4.1.3.1 CAPACIDAD FINANCIERA | C30: Razón de Cobertura de Intereses | D30: 1.26 | E30: Utilidad Operacional | F30: 370585980 | G30: INDETERMINADO | H30: =IF(G30>=D30,"CUMPLE","NO CUMPLE") -> CUMPLE | I30: Registro Único de Proponentes | K30: =IF(H30="CUMPLE",0,1) -> 0
E31: Gastos de Intereses | F31: 0
A32: 4.1.3 | B32: 4.1.3.2 capacidad Organizacional | C32: Rentabilidad sobre Patrimonio | D32: 0.1 | E32: Utilidad Operacional | F32: =+F30 -> 370585980 | G32: =F32/F33 -> 0.47120105 | H32: =IF(G32>=D32,"CUMPLE","NO CUMPLE") -> CUMPLE | I32: Registro Único de Proponentes | K32: =IF(H32="CUMPLE",0,1) -> 0
E33: Patrimonio | F33: 786471043
A34: 4.1.3 | B34: =+B32 -> 4.1.3.2 capacidad Organizacional | C34: Rentabilidad sobre Activo | D34: 0.08 | E34: Utilidad Operacional | F34: =+F30 -> 370585980 | G34: =F34/F35 -> 0.37590404 | H34: =IF(G34>=D34,"CUMPLE","NO CUMPLE") -> CUMPLE | I34: Registro Único de Proponentes | K34: =IF(H34="CUMPLE",0,1) -> 0
E35: Activo total | F35: =+F29 -> 985852617
A36: 4.1.3 | B36: =B24 -> 4.1.3.1 CAPACIDAD FINANCIERA | C36: Patrimonio ≥ 50% POE | D36: =+'CONSOLIDADO FINANCIERO'!L7*50% -> 134828230 | E36: Activo total | F36: =+F29 -> 985852617 | G36: =F36-F37 -> 786471043 | H36: =IF(G36>=D36,"CUMPLE","NO CUMPLE") -> CUMPLE | I36: Registro Único de Proponentes | K36: =IF(H36="CUMPLE",0,1) -> 0
E37: Pasivo total | F37: =+F28 -> 199381574
E38: RESULTADO | G38: =IF(K38>0,"NO CUMPLE","CUMPLE") -> CUMPLE | K38: =K36+K34+K32+K30+K28+K26+K24+K12+K11+K10 -> 0

Sheet MAFER
A1: 3 | C1: FONDO NACIONAL DEL AHORRO
C3: OBJETO PROCESO | D3: =+'CONSOLIDADO FINANCIERO'!D5 -> SUMINISTRO DE MATERIALES Y/O ELEMENTOS DE FERRETERÍA, HIDROSANITARIOS Y ELÉCTRICOS PARA EL MANTENIMIENTO DE LA PLANTA FÍSICA DE LA SEDE PRINCIPAL – CNA DEL FONDO NACIONAL DEL AHORRO S.A.
C4: NUMERO DE PROCESO | D4: =+'CONSOLIDADO FINANCIERO'!D6 -> FNA-VGHA-SBI-001-2024
C5: PROPONENTE | D5: CENTRO FERRETERO MAFER S A S NIT: 830129423 9
C7: VERIFICACION EXPEDICIÓN REGISTRO UNICO DE PROPONENTES
C9: FECHA CIERRE PROCESO | D9: 45637
C10: FECHA EXPEDICION RUP | D10: 45628 | H10: =IF(D10>=M10,"CUMPLE","NO CUMPLE") -> CUMPLE | J10: mm / dd / aa | K10: =IF(H10="CUMPLE",0,1) -> 0 | M10: =+D9-30 -> 45607 | N10: 30 días anteriores
C11: FECHA ULTIMA RENOVACION | D11: 45407 | H11: =IF(D10>=M11,"CUMPLE","NO CUMPLE") -> CUMPLE | J11: mm / dd / aa | K11: =IF(H11="CUMPLE",0,1) -> 0 | M11: =+D11+15 -> 45422 | N11: 10 días hábiles
C12: FECHA DE LOS ESTADOS FINANCIEROS | D12: 45291 | H12: =IF(D10>=M12,"CUMPLE","NO CUMPLE") -> CUMPLE | J12: mm / dd / aa | K12: =IF(H12="CUMPLE",0,1) -> 0 | M12: =+D12+15 -> 45306
C15: FECHA CIERRE PROCESO
C16: FECHA EXPEDICION RUP | J16: mm / dd / aa | K16: =IF(H16="CUMPLE",0,1) -> 1 | M16: =+D15-30 -> -30 | N16: 30 días anteriores
C17: FECHA ULTIMA RENOVACION | J17: mm / dd / aa | K17: =IF(H17="CUMPLE",0,1) -> 1 | M17: =+D16+15 -> 15 | N17: 10 días hábiles
C18: FECHA DE LOS ESTADOS FINANCIEROS | J18: mm / dd / aa | K18: =IF(H18="CUMPLE",0,1) -> 1 | M18: =+D18+15 -> 15
C20: VERIFICACIÓN REQUISITOS HABILITANTES FINANCIEROS | K20: 0
K21: 0
A22: NUMERAL | B22: VERIFICACIÓN DE LA CAPACIDAD FINANCIERA | C22: DESCRIPCION | D22: CRITERIO | E22: ITEM | F22: =D5 -> CENTRO FERRETERO MAFER S A S NIT: 830129423 9 | G22: INDICADOR | H22: RESULTADO VERIFICACION | I22: DOCUMENTO ELECTRONICO | J22: OBSERVACIONES | K22: 0
F23: 1 | K23: 0
A24: 4.1.3 | B24: 4.1.3.1 CAPACIDAD FINANCIERA | C24: Capital de Trabajo >=50 % POE | D24: =+'CONSOLIDADO FINANCIERO'!L7*50% -> 134828230 | E24: Activo Corriente | F24: 12358706131 | G24: =+F24-F25 -> 11161193070 | H24: =IF(G24>=D24,"CUMPLE","NO CUMPLE") -> CUMPLE | I24: Registro Único de Proponentes | J24: El proponente cumple con los indicadores establecidos en las regals de participación de conformidad con lo estabecido en el numeral 4.5 REQUISITOS MÍNIMOS HABILITANTES FINANCIEROS Y CAPACIDAD ORGANIZACIONAL. de las reglas de participación | K24: =IF(H24="CUMPLE",0,1) -> 0
E25: Pasivo Corriente | F25: 1197513061
A26: 4.1.3 | B26: =B24 -> 4.1.3.1 CAPACIDAD FINANCIERA | C26: Índice de Liquidez | D26: 1.53 | E26: Activo Corriente | F26: =+F24 -> 12358706131 | G26: =+F26/F27 -> 10.32031 | H26: =IF(G26>=D26,"CUMPLE","NO CUMPLE") -> CUMPLE | I26: Registro Único de Proponentes | K26: =IF(H26="CUMPLE",0,1) -> 0
E27: Pasivo Corriente | F27: =+F25 -> 1197513061
A28: 4.1.3 | B28: =B26 -> 4.1.3.1 CAPACIDAD FINANCIERA | C28: Nivel de Endeudamiento | D28: 0.6 | E28: Pasivo Total | F28: 3064904145 | G28: =F28/F29 -> 0.20054181 | H28: =IF(G28<=D28,"CUMPLE","NO CUMPLE") -> CUMPLE | I28: Registro Único de Proponentes | K28: =IF(H28="CUMPLE",0,1) -> 0
E29: Activo Total | F29: 15283118049
A30: 4.1.3 | B30: =B28 -> 4.1.3.1 CAPACIDAD FINANCIERA | C30: Razón de Cobertura de Intereses | D30: 1.26 | E30: Utilidad Operacional | F30: 4601713593 | G30: =F30/F31 -> 20.170586 | H30: =IF(G30>=D30,"CUMPLE","NO CUMPLE") -> CUMPLE | I30: Registro Único de Proponentes | K30: =IF(H30="CUMPLE",0,1) -> 0
E31: Gastos de Intereses | F31: 228139804
A32: 4.1.3 | B32: 4.1.3.2 capacidad Organizacional | C32: Rentabilidad sobre Patrimonio | D32: 0.1 | E32: Utilidad Operacional | F32: =+F30 -> 4601713593 | G32: =F32/F33 -> 0.37662736 | H32: =IF(G32>=D32,"CUMPLE","NO CUMPLE") -> CUMPLE | I32: Registro Único de Proponentes | K32: =IF(H32="CUMPLE",0,1) -> 0
E33: Patrimonio | F33: 12218213904
A34: 4.1.3 | B34: =+B32 -> 4.1.3.2 capacidad Organizacional | C34: Rentabilidad sobre Activo | D34: 0.08 | E34: Utilidad Operacional | F34: =+F30 -> 4601713593 | G34: =F34/F35 -> 0.30109782 | H34: =IF(G34>=D34,"CUMPLE","NO CUMPLE") -> CUMPLE | I34: Registro Único de Proponentes | K34: =IF(H34="CUMPLE",0,1) -> 0
E35: Activo total | F35: =+F29 -> 15283118049
A36: 4.1.3 | B36: =B24 -> 4.1.3.1 CAPACIDAD FINANCIERA | C36: Patrimonio ≥ 50% POE | D36: =+'CONSOLIDADO FINANCIERO'!L7*50% -> 134828230 | E36: Activo total | F36: =+F29 -> 15283118049 | G36: =F36-F37 -> 12218213904 | H36: =IF(G36>=D36,"CUMPLE","NO CUMPLE") -> CUMPLE | I36: Registro Único de Proponentes | K36: =IF(H36="CUMPLE",0,1) -> 0
E37: Pasivo total | F37: =+F28 -> 3064904145
E38: RESULTADO | G38: =IF(K38>0,"NO CUMPLE","CUMPLE") -> CUMPLE | K38: =K36+K34+K32+K30+K28+K26+K24+K12+K11+K10 -> 0

Sheet SUMINISTROS E INGENIERIA
A1: 4 | C1: FONDO NACIONAL DEL AHORRO
C3: OBJETO PROCESO | D3: =+'CONSOLIDADO FINANCIERO'!D5 -> SUMINISTRO DE MATERIALES Y/O ELEMENTOS DE FERRETERÍA, HIDROSANITARIOS Y ELÉCTRICOS PARA EL MANTENIMIENTO DE LA PLANTA FÍSICA DE LA SEDE PRINCIPAL – CNA DEL FONDO NACIONAL DEL AHORRO S.A.
C4: NUMERO DE PROCESO | D4: =+'CONSOLIDADO FINANCIERO'!D6 -> FNA-VGHA-SBI-001-2024
C5: PROPONENTE | D5: SUMINISTROS E INGENIERIA MASECA SAS NIT: 830118439 9
C7: VERIFICACION EXPEDICIÓN REGISTRO UNICO DE PROPONENTES
C9: FECHA CIERRE PROCESO | D9: 45637
C10: FECHA EXPEDICION RUP | D10: 45622 | H10: =IF(D10>=M10,"CUMPLE","NO CUMPLE") -> CUMPLE | J10: mm / dd / aa | K10: =IF(H10="CUMPLE",0,1) -> 0 | M10: =+D9-30 -> 45607 | N10: 30 días anteriores
C11: FECHA ULTIMA RENOVACION | D11: 45408 | H11: =IF(D10>=M11,"CUMPLE","NO CUMPLE") -> CUMPLE | J11: mm / dd / aa | K11: =IF(H11="CUMPLE",0,1) -> 0 | M11: =+D11+15 -> 45423 | N11: 10 días hábiles
C12: FECHA DE LOS ESTADOS FINANCIEROS | D12: 45291 | H12: =IF(D10>=M12,"CUMPLE","NO CUMPLE") -> CUMPLE | J12: mm / dd / aa | K12: =IF(H12="CUMPLE",0,1) -> 0 | M12: =+D12+15 -> 45306
C15: FECHA CIERRE PROCESO
C16: FECHA EXPEDICION RUP | J16: mm / dd / aa | K16: =IF(H16="CUMPLE",0,1) -> 1 | M16: =+D15-30 -> -30 | N16: 30 días anteriores
C17: FECHA ULTIMA RENOVACION | J17: mm / dd / aa | K17: =IF(H17="CUMPLE",0,1) -> 1 | M17: =+D16+15 -> 15 | N17: 10 días hábiles
C18: FECHA DE LOS ESTADOS FINANCIEROS | J18: mm / dd / aa | K18: =IF(H18="CUMPLE",0,1) -> 1 | M18: =+D18+15 -> 15
C20: VERIFICACIÓN REQUISITOS HABILITANTES FINANCIEROS | K20: 0
K21: 0
A22: NUMERAL | B22: VERIFICACIÓN DE LA CAPACIDAD FINANCIERA | C22: DESCRIPCION | D22: CRITERIO | E22: ITEM | F22: =D5 -> SUMINISTROS E INGENIERIA MASECA SAS NIT: 830118439 9 | G22: INDICADOR | H22: RESULTADO VERIFICACION | I22: DOCUMENTO ELECTRONICO | J22: OBSERVACIONES | K22: 0
F23: 1 | K23: 0
A24: 4.1.3 | B24: 4.1.3.1 CAPACIDAD FINANCIERA | C24: Capital de Trabajo >=50 % POE | D24: =+'CONSOLIDADO FINANCIERO'!L7*50% -> 134828230 | E24: Activo Corriente | F24: 2343525911 | G24: =+F24-F25 -> 2200195378 | H24: =IF(G24>=D24,"CUMPLE","NO CUMPLE") -> CUMPLE | I24: Registro Único de Proponentes | J24: El proponente cumple con los indicadores establecidos en las regals de participación de conformidad con lo estabecido en el numeral 4.5 REQUISITOS MÍNIMOS HABILITANTES FINANCIEROS Y CAPACIDAD ORGANIZACIONAL. de las reglas de participación | K24: =IF(H24="CUMPLE",0,1) -> 0
E25: Pasivo Corriente | F25: 143330533
A26: 4.1.3 | B26: =B24 -> 4.1.3.1 CAPACIDAD FINANCIERA | C26: Índice de Liquidez | D26: 1.53 | E26: Activo Corriente | F26: =+F24 -> 2343525911 | G26: =+F26/F27 -> 16.3505 | H26: =IF(G26>=D26,"CUMPLE","NO CUMPLE") -> CUMPLE | I26: Registro Único de Proponentes | K26: =IF(H26="CUMPLE",0,1) -> 0
E27: Pasivo Corriente | F27: =+F25 -> 143330533
A28: 4.1.3 | B28: =B26 -> 4.1.3.1 CAPACIDAD FINANCIERA | C28: Nivel de Endeudamiento | D28: 0.6 | E28: Pasivo Total | F28: 1125596356 | G28: =F28/F29 -> 0.47684791 | H28: =IF(G28<=D28,"CUMPLE","NO CUMPLE") -> CUMPLE | I28: Registro Único de Proponentes | K28: =IF(H28="CUMPLE",0,1) -> 0
E29: Activo Total | F29: 2360493428
A30: 4.1.3 | B30: =B28 -> 4.1.3.1 CAPACIDAD FINANCIERA | C30: Razón de Cobertura de Intereses | D30: 1.26 | E30: Utilidad Operacional | F30: 237630003 | G30: =F30/F31 -> 4.1263955 | H30: =IF(G30>=D30,"CUMPLE","NO CUMPLE") -> CUMPLE | I30: Registro Único de Proponentes | K30: =IF(H30="CUMPLE",0,1) -> 0
E31: Gastos de Intereses | F31: 57587791
A32: 4.1.3 | B32: 4.1.3.2 capacidad Organizacional | C32: Rentabilidad sobre Patrimonio | D32: 0.1 | E32: Utilidad Operacional | F32: =+F30 -> 237630003 | G32: =F32/F33 -> 0.192429 | H32: =IF(G32>=D32,"CUMPLE","NO CUMPLE") -> CUMPLE | I32: Registro Único de Proponentes | K32: =IF(H32="CUMPLE",0,1) -> 0
E33: Patrimonio | F33: 1234897072
A34: 4.1.3 | B34: =+B32 -> 4.1.3.2 capacidad Organizacional | C34: Rentabilidad sobre Activo | D34: 0.08 | E34: Utilidad Operacional | F34: =+F30 -> 237630003 | G34: =F34/F35 -> 0.10066963 | H34: =IF(G34>=D34,"CUMPLE","NO CUMPLE") -> CUMPLE | I34: Registro Único de Proponentes | K34: =IF(H34="CUMPLE",0,1) -> 0
E35: Activo total | F35: =+F29 -> 2360493428
A36: 4.1.3 | B36: =B24 -> 4.1.3.1 CAPACIDAD FINANCIERA | C36: Patrimonio ≥ 50% POE | D36: =+'CONSOLIDADO FINANCIERO'!L7*50% -> 134828230 | E36: Activo total | F36: =+F29 -> 2360493428 | G36: =F36-F37 -> 1234897072 | H36: =IF(G36>=D36,"CUMPLE","NO CUMPLE") -> CUMPLE | I36: Registro Único de Proponentes | K36: =IF(H36="CUMPLE",0,1) -> 0
E37: Pasivo total | F37: =+F28 -> 1125596356
E38: RESULTADO | G38: =IF(K38>0,"NO CUMPLE","CUMPLE") -> CUMPLE | K38: =K36+K34+K32+K30+K28+K26+K24+K12+K11+K10 -> 0

Sheet SUMINISTROS Y CONTRATOS SJ
A1: 5 | C1: FONDO NACIONAL DEL AHORRO
C3: OBJETO PROCESO | D3: =+'CONSOLIDADO FINANCIERO'!D5 -> SUMINISTRO DE MATERIALES Y/O ELEMENTOS DE FERRETERÍA, HIDROSANITARIOS Y ELÉCTRICOS PARA EL MANTENIMIENTO DE LA PLANTA FÍSICA DE LA SEDE PRINCIPAL – CNA DEL FONDO NACIONAL DEL AHORRO S.A.
C4: NUMERO DE PROCESO | D4: =+'CONSOLIDADO FINANCIERO'!D6 -> FNA-VGHA-SBI-001-2024
C5: PROPONENTE | D5: SUMINISTROS Y CONTRATOS SAN JOSE SAS NIT: 900735538 1
C7: VERIFICACION EXPEDICIÓN REGISTRO UNICO DE PROPONENTES
C9: FECHA CIERRE PROCESO | D9: 45637
C10: FECHA EXPEDICION RUP | D10: 45617 | H10: =IF(D10>=M10,"CUMPLE","NO CUMPLE") -> CUMPLE | J10: mm / dd / aa | K10: =IF(H10="CUMPLE",0,1) -> 0 | M10: =+D9-30 -> 45607 | N10: 30 días anteriores
C11: FECHA ULTIMA RENOVACION | D11: 45398 | H11: =IF(D10>=M11,"CUMPLE","NO CUMPLE") -> CUMPLE | J11: mm / dd / aa | K11: =IF(H11="CUMPLE",0,1) -> 0 | M11: =+D11+15 -> 45413 | N11: 10 días hábiles
C12: FECHA DE LOS ESTADOS FINANCIEROS | D12: 45291 | H12: =IF(D10>=M12,"CUMPLE","NO CUMPLE") -> CUMPLE | J12: mm / dd / aa | K12: =IF(H12="CUMPLE",0,1) -> 0 | M12: =+D12+15 -> 45306
C15: FECHA CIERRE PROCESO
C16: FECHA EXPEDICION RUP | J16: mm / dd / aa | K16: =IF(H16="CUMPLE",0,1) -> 1 | M16: =+D15-30 -> -30 | N16: 30 días anteriores
C17: FECHA ULTIMA RENOVACION | J17: mm / dd / aa | K17: =IF(H17="CUMPLE",0,1) -> 1 | M17: =+D16+15 -> 15 | N17: 10 días hábiles
C18: FECHA DE LOS ESTADOS FINANCIEROS | J18: mm / dd / aa | K18: =IF(H18="CUMPLE",0,1) -> 1 | M18: =+D18+15 -> 15
C20: VERIFICACIÓN REQUISITOS HABILITANTES FINANCIEROS | K20: 0
K21: 0
A22: NUMERAL | B22: VERIFICACIÓN DE LA CAPACIDAD FINANCIERA | C22: DESCRIPCION | D22: CRITERIO | E22: ITEM | F22: =D5 -> SUMINISTROS Y CONTRATOS SAN JOSE SAS NIT: 900735538 1 | G22: INDICADOR | H22: RESULTADO VERIFICACION | I22: DOCUMENTO ELECTRONICO | J22: OBSERVACIONES | K22: 0
F23: 1 | K23: 0
A24: 4.1.3 | B24: 4.1.3.1 CAPACIDAD FINANCIERA | C24: Capital de Trabajo >=50 % POE | D24: =+'CONSOLIDADO FINANCIERO'!L7*50% -> 134828230 | E24: Activo Corriente | F24: 1665985600 | G24: =+F24-F25 -> 1636555884 | H24: =IF(G24>=D24,"CUMPLE","NO CUMPLE") -> CUMPLE | I24: Registro Único de Proponentes | J24: El proponente cumple con los indicadores establecidos en las regals de participación de conformidad con lo estabecido en el numeral 4.5 REQUISITOS MÍNIMOS HABILITANTES FINANCIEROS Y CAPACIDAD ORGANIZACIONAL. de las reglas de participación | K24: =IF(H24="CUMPLE",0,1) -> 0
E25: Pasivo Corriente | F25: 29429716
A26: 4.1.3 | B26: =B24 -> 4.1.3.1 CAPACIDAD FINANCIERA | C26: Índice de Liquidez | D26: 1.53 | E26: Activo Corriente | F26: =+F24 -> 1665985600 | G26: =+F26/F27 -> 56.608959 | H26: =IF(G26>=D26,"CUMPLE","NO CUMPLE") -> CUMPLE | I26: Registro Único de Proponentes | K26: =IF(H26="CUMPLE",0,1) -> 0
E27: Pasivo Corriente | F27: =+F25 -> 29429716
A28: 4.1.3 | B28: =B26 -> 4.1.3.1 CAPACIDAD FINANCIERA | C28: Nivel de Endeudamiento | D28: 0.6 | E28: Pasivo Total | F28: 65204841 | G28: =F28/F29 -> 0.03270782 | H28: =IF(G28<=D28,"CUMPLE","NO CUMPLE") -> CUMPLE | I28: Registro Único de Proponentes | K28: =IF(H28="CUMPLE",0,1) -> 0
E29: Activo Total | F29: 1993555064
A30: 4.1.3 | B30: =B28 -> 4.1.3.1 CAPACIDAD FINANCIERA | C30: Razón de Cobertura de Intereses | D30: 1.26 | E30: Utilidad Operacional | F30: 1035342451 | G30: =F30/F31 -> 1900.0596 | H30: =IF(G30>=D30,"CUMPLE","NO CUMPLE") -> CUMPLE | I30: Registro Único de Proponentes | K30: =IF(H30="CUMPLE",0,1) -> 0
E31: Gastos de Intereses | F31: 544900
A32: 4.1.3 | B32: 4.1.3.2 capacidad Organizacional | C32: Rentabilidad sobre Patrimonio | D32: 0.1 | E32: Utilidad Operacional | F32: =+F30 -> 1035342451 | G32: =F32/F33 -> 0.53690582 | H32: =IF(G32>=D32,"CUMPLE","NO CUMPLE") -> CUMPLE | I32: Registro Único de Proponentes | K32: =IF(H32="CUMPLE",0,1) -> 0
E33: Patrimonio | F33: 1928350223
A34: 4.1.3 | B34: =+B32 -> 4.1.3.2 capacidad Organizacional | C34: Rentabilidad sobre Activo | D34: 0.08 | E34: Utilidad Operacional | F34: =+F30 -> 1035342451 | G34: =F34/F35 -> 0.5193448 | H34: =IF(G34>=D34,"CUMPLE","NO CUMPLE") -> CUMPLE | I34: Registro Único de Proponentes | K34: =IF(H34="CUMPLE",0,1) -> 0
E35: Activo total | F35: =+F29 -> 1993555064
A36: 4.1.3 | B36: =B24 -> 4.1.3.1 CAPACIDAD FINANCIERA | C36: Patrimonio ≥ 50% POE | D36: =+'CONSOLIDADO FINANCIERO'!L7*50% -> 134828230 | E36: Activo total | F36: =+F29 -> 1993555064 | G36: =F36-F37 -> 1928350223 | H36: =IF(G36>=D36,"CUMPLE","NO CUMPLE") -> CUMPLE | I36: Registro Único de Proponentes | K36: =IF(H36="CUMPLE",0,1) -> 0
E37: Pasivo total | F37: =+F28 -> 65204841
E38: RESULTADO | G38: =IF(K38>0,"NO CUMPLE","CUMPLE") -> CUMPLE | K38: =K36+K34+K32+K30+K28+K26+K24+K12+K11+K10 -> 0
